[ AOE2 MATCH · #482855384 ]
UnrankedBritons vs Cumans
[ REPLAY ANALYSIS · EXTRACTED FROM THE RECORDED GAME ]
Feudal
9:18
Castle
33:26
Imperial
—
| APM avg | 42.0 |
| APM peak | 96 |
| eAPM avg | 23.7 |
| Villagers / military | 88 / 3 |
Focus
⚔️ 27.8% · 🌾 72.2%
Archer ×3
Feudal
9:10
Castle
17:52
Imperial
36:19
| APM avg | 46.1 |
| APM peak | 98 |
| eAPM avg | 22.8 |
| Villagers / military | 161 / 87 |
Focus
⚔️ 35.1% · 🌾 64.9%
Ratha (Ranged) ×44 · Scout Cavalry ×33 · Monk ×5 · Armored Elephant ×3 · Trebuchet (Packed) ×2
Feudal
8:28
Castle
22:22
Imperial
31:47
| APM avg | 73.4 |
| APM peak | 127 |
| eAPM avg | 34.2 |
| Villagers / military | 135 / 150 |
Focus
⚔️ 42.0% · 🌾 58.0%
Steppe Lancer ×142 · Trade Cart ×11 · Battering Ram ×7 · Monk ×1
Feudal
8:59
Castle
21:48
Imperial
—
| APM avg | 44.8 |
| APM peak | 75 |
| eAPM avg | 28.9 |
| Villagers / military | 153 / 26 |
Focus
⚔️ 28.4% · 🌾 71.6%
Archer ×22 · Mangonel ×3 · Spearman ×1
Feudal
10:06
Castle
14:39
Imperial
—
| APM avg | 58.3 |
| APM peak | 110 |
| eAPM avg | 28.5 |
| Villagers / military | 162 / 123 |
Focus
⚔️ 31.9% · 🌾 68.1%
Camel Scout ×98 · Monk ×8 · Armored Elephant ×8 · Mangonel ×4 · Scorpion ×3 · Shrivamsha Rider ×2
Feudal
9:17
Castle
20:09
Imperial
36:31
| APM avg | 52.0 |
| APM peak | 84 |
| eAPM avg | 28.8 |
| Villagers / military | 178 / 215 |
Focus
⚔️ 38.1% · 🌾 61.9%
Camel Scout ×202 · Scout Cavalry ×10 · Trebuchet (Packed) ×2 · Monk ×1
Feudal
10:56
Castle
15:18
Imperial
31:21
| APM avg | 68.2 |
| APM peak | 112 |
| eAPM avg | 38.7 |
| Villagers / military | 161 / 149 |
Focus
⚔️ 53.4% · 🌾 46.6%
Spearman ×102 · Eagle Scout ×27 · Mangonel ×10 · Jaguar Warrior ×8 · Monk ×2
Feudal
9:16
Castle
21:35
Imperial
33:38
| APM avg | 44.5 |
| APM peak | 89 |
| eAPM avg | 27.4 |
| Villagers / military | 159 / 56 |
Focus
⚔️ 32.2% · 🌾 67.8%
Archer ×37 · Trade Cart ×17 · Bombard Cannon ×15 · Militia ×4
Match map
Initial resources + every placement click. Lines = walls · curves = elevation contours. ◆ gold · ⬟ stone · ● berries · ✦ relic · ◌ wall gap
Your base· ✓ Closed at 33:26 · 101t walls · no gate
VN_KoNFeR's base· Open — opponent sealed themselves in
Oni.TaToH's base· ✓ Closed at 22:22 · 1t walls · fragile
[R1] Duke PEÑAROL Thompson's base· ✓ Closed at 21:48 · 92t walls · 1 gate(s) · fragile
VN_DarK_KnighT_'s base· Open — unwalled flank
[R1] 12Tirador's base· ✓ Closed at 20:09 · 0t walls · fragile
Milldeitus's base· Open — unwalled flank
[R1] Pume's base· ✓ Closed at 21:35 · 54t walls · fragile
Smoothed initial terrain · ◌ = detected wall gap · hover for details
Inputs per minute
— VN_MiLLeNcOlin - - VN_KoNFeR
Build order — VN_MiLLeNcOlin
First 150 of 213 actions detected
| 0:01 | Create | Villager (Male) |
| 0:02 | Build | House |
| 0:05 | Build | House |
| 0:10 | Create | Villager (Male) |
| 0:10 | Create | Villager (Male) |
| 0:10 | Create | Villager (Male) |
| 0:11 | Create | Villager (Male) |
| 1:20 | Create | Villager (Male) |
| 1:20 | Create | Villager (Male) |
| 1:47 | Create | Villager (Male) |
| 1:59 | Create | Villager (Male) |
| 1:59 | Create | Villager (Male) |
| 2:30 | Create | Villager (Male) |
| 2:30 | Create | Villager (Male) |
| 2:41 | Create | Villager (Male) |
| 3:18 | Create | Villager (Male) |
| 3:18 | Create | Villager (Male) |
| 3:26 | Build | House |
| 3:38 | Build | Lumber Camp |
| 3:41 | Create | Villager (Male) |
| 3:56 | Create | Villager (Male) |
| 3:56 | Create | Villager (Male) |
| 4:27 | Create | Villager (Male) |
| 4:30 | Create | Villager (Male) |
| 4:42 | Create | Villager (Male) |
| 5:27 | Create | Villager (Male) |
| 6:14 | Research | Loom |
| 6:36 | Build | Mining Camp |
| 6:38 | Create | Villager (Male) |
| 7:08 | Research | Feudal Age |
| 8:03 | Build | Barracks |
| 8:08 | Build | Palisade Wall |
| 8:57 | Build | House |
| 9:12 | Create | Villager (Male) |
| 9:18 | Age | Feudal Age |
| 9:28 | Build | Watch Tower |
| 9:31 | Build | Palisade Wall |
| 9:34 | Build | Archery Range |
| 9:37 | Build | Palisade Wall |
| 9:48 | Build | Palisade Gate |
| 9:52 | Build | Palisade Wall |
| 9:56 | Create | Villager (Male) |
| 10:05 | Create | Villager (Male) |
| 10:16 | Build | Mill |
| 10:28 | Create | Villager (Male) |
| 10:49 | Create | Archer |
| 10:54 | Build | House |
| 10:54 | Create | Villager (Male) |
| 11:10 | Create | Archer |
| 11:16 | Create | Villager (Male) |
| 11:30 | Create | Archer |
| 11:34 | Build | Blacksmith |
| 12:04 | Create | Villager (Male) |
| 12:05 | Research | Fletching |
| 12:05 | Research | Fletching |
| 12:14 | Create | Villager (Male) |
| 12:16 | Build | Lumber Camp |
| 12:47 | Build | House |
| 13:05 | Create | Villager (Male) |
| 13:18 | Create | Villager (Male) |
| 13:25 | Build | House |
| 13:51 | Create | Villager (Male) |
| 13:59 | Build | Archery Range |
| 15:38 | Build | House |
| 16:36 | Build | Mining Camp |
| 17:11 | Build | Town Center |
| 17:45 | Research | Double-Bit Axe |
| 17:45 | Research | Double-Bit Axe |
| 18:19 | Create | Villager (Male) |
| 18:19 | Create | Villager (Male) |
| 18:19 | Create | Villager (Male) |
| 18:22 | Build | House |
| 18:25 | Create | Villager (Male) |
| 18:35 | Build | House |
| 18:38 | Build | House |
| 18:42 | Create | Villager (Male) |
| 18:48 | Build | House |
| 18:51 | Research | Horse Collar |
| 18:52 | Create | Villager (Male) |
| 18:55 | Build | Farm |
| 18:56 | Build | Farm |
| 18:59 | Build | Farm |
| 19:09 | Build | Stone Wall |
| 19:10 | Build | Stone Wall |
| 19:16 | Build | Stone Wall |
| 19:17 | Build | Stone Wall |
| 19:22 | Build | Stone Wall |
| 19:23 | Build | Stone Wall |
| 19:24 | Build | Stone Wall |
| 19:25 | Build | Stone Wall |
| 19:26 | Create | Villager (Male) |
| 19:43 | Build | Farm |
| 19:44 | Build | Farm |
| 19:53 | Build | Farm |
| 20:04 | Build | House |
| 20:07 | Build | Farm |
| 20:13 | Create | Villager (Male) |
| 20:18 | Build | Farm |
| 20:42 | Build | Farm |
| 20:59 | Create | Villager (Male) |
| 21:03 | Build | House |
| 21:04 | Build | House |
| 21:04 | Build | House |
| 21:10 | Build | Farm |
| 21:12 | Build | Farm |
| 21:23 | Build | Outpost |
| 21:35 | Build | Mining Camp |
| 21:39 | Create | Villager (Male) |
| 21:53 | Build | Farm |
| 22:06 | Build | Outpost |
| 22:18 | Create | Villager (Male) |
| 22:29 | Build | Stone Wall |
| 22:32 | Create | Villager (Male) |
| 22:39 | Build | Stone Wall |
| 22:44 | Build | House |
| 22:45 | Create | Villager (Male) |
| 22:55 | Create | Villager (Male) |
| 22:57 | Build | Market |
| 23:19 | Build | Stone Wall |
| 23:28 | Create | Villager (Male) |
| 23:36 | Create | Villager (Male) |
| 23:40 | Create | Villager (Male) |
| 23:53 | Create | Villager (Male) |
| 24:14 | Build | Stone Wall |
| 24:40 | Create | Villager (Male) |
| 25:07 | Build | Stone Wall |
| 25:55 | Create | Villager (Male) |
| 26:50 | Build | Stone Wall |
| 26:51 | Build | Palisade Wall |
| 27:00 | Create | Villager (Male) |
| 27:33 | Create | Villager (Male) |
| 28:06 | Create | Villager (Male) |
| 28:26 | Create | Villager (Male) |
| 28:48 | Create | Villager (Male) |
| 29:31 | Create | Villager (Male) |
| 29:32 | Create | Villager (Male) |
| 30:12 | Create | Villager (Male) |
| 30:36 | Research | Castle Age |
| 32:14 | Build | Lumber Camp |
| 32:18 | Build | Lumber Camp |
| 33:10 | Create | Villager (Male) |
| 33:26 | Age | Castle Age |
| 33:27 | Build | Town Center |
| 33:42 | Build | House |
| 33:53 | Build | Gate |
| 33:59 | Build | Gate |
| 34:23 | Create | Villager (Male) |
| 34:23 | Create | Villager (Male) |
| 34:24 | Create | Villager (Male) |
| 34:27 | Build | Farm |
Build order — VN_KoNFeR
First 150 of 428 actions detected
| 0:00 | Create | Villager (Male) |
| 0:02 | Build | House |
| 0:02 | Build | House |
| 0:09 | Create | Villager (Male) |
| 0:10 | Create | Villager (Male) |
| 0:10 | Create | Villager (Male) |
| 1:37 | Create | Villager (Male) |
| 2:18 | Build | Lumber Camp |
| 2:19 | Create | Villager (Male) |
| 2:22 | Create | Villager (Male) |
| 3:10 | Create | Villager (Male) |
| 3:12 | Create | Villager (Male) |
| 3:17 | Create | Villager (Male) |
| 3:34 | Create | Villager (Male) |
| 4:12 | Create | Villager (Male) |
| 4:55 | Research | Loom |
| 4:57 | Build | House |
| 5:16 | Create | Villager (Male) |
| 5:32 | Build | Mill |
| 5:43 | Create | Villager (Male) |
| 6:04 | Create | Villager (Male) |
| 6:33 | Create | Villager (Male) |
| 6:58 | Research | Feudal Age |
| 8:11 | Build | House |
| 8:21 | Build | Barracks |
| 8:24 | Create | Villager (Male) |
| 8:40 | Create | Villager (Male) |
| 8:59 | Create | Villager (Male) |
| 9:08 | Create | Villager (Male) |
| 9:10 | Age | Feudal Age |
| 9:22 | Build | Stable |
| 9:24 | Create | Villager (Male) |
| 9:40 | Create | Villager (Male) |
| 9:56 | Research | Double-Bit Axe |
| 10:16 | Create | Scout Cavalry |
| 10:28 | Create | Scout Cavalry |
| 10:30 | Create | Villager (Male) |
| 10:39 | Build | House |
| 10:49 | Build | Farm |
| 10:58 | Create | Scout Cavalry |
| 11:07 | Build | Farm |
| 11:22 | Build | Farm |
| 11:24 | Build | Farm |
| 11:27 | Create | Scout Cavalry |
| 11:37 | Create | Scout Cavalry |
| 11:46 | Build | Farm |
| 11:56 | Build | Farm |
| 11:59 | Build | House |
| 12:04 | Build | Farm |
| 12:19 | Create | Villager (Male) |
| 12:24 | Build | Farm |
| 12:33 | Create | Villager (Male) |
| 12:40 | Build | Farm |
| 12:44 | Create | Villager (Male) |
| 12:49 | Create | Villager (Male) |
| 12:56 | Build | Mining Camp |
| 13:13 | Create | Villager (Male) |
| 13:19 | Build | Farm |
| 13:27 | Create | Villager (Male) |
| 13:47 | Build | Blacksmith |
| 14:20 | Build | Farm |
| 14:25 | Create | Villager (Male) |
| 14:55 | Build | Farm |
| 14:56 | Build | Farm |
| 15:07 | Build | Farm |
| 15:12 | Research | Castle Age |
| 16:21 | Research | Horse Collar |
| 17:16 | Create | Scout Cavalry |
| 17:43 | Research | Bloodlines |
| 17:46 | Create | Villager (Male) |
| 17:52 | Age | Castle Age |
| 17:56 | Build | House |
| 17:58 | Research | Wheelbarrow |
| 18:17 | Build | Stable |
| 18:28 | Research | Scale Barding Armor |
| 18:43 | Build | Farm |
| 18:44 | Build | Farm |
| 18:55 | Create | Scout Cavalry |
| 19:06 | Build | Lumber Camp |
| 19:11 | Create | Scout Cavalry |
| 19:15 | Create | Villager (Male) |
| 19:20 | Research | Light Cavalry (upgrade) |
| 19:28 | Build | House |
| 19:30 | Build | House |
| 19:34 | Create | Scout Cavalry |
| 19:44 | Build | Farm |
| 19:46 | Create | Villager (Male) |
| 19:49 | Build | House |
| 20:01 | Build | Town Center |
| 20:16 | Research | Husbandry |
| 20:20 | Create | Villager (Male) |
| 20:27 | Build | Farm |
| 20:31 | Build | Farm |
| 20:32 | Build | Farm |
| 20:37 | Create | Scout Cavalry |
| 20:40 | Build | House |
| 20:52 | Create | Scout Cavalry |
| 20:52 | Create | Scout Cavalry |
| 21:05 | Create | Villager (Male) |
| 21:05 | Build | Farm |
| 21:06 | Build | Farm |
| 21:21 | Create | Villager (Male) |
| 21:29 | Create | Scout Cavalry |
| 21:32 | Build | House |
| 21:39 | Build | Farm |
| 21:40 | Build | Farm |
| 21:41 | Build | Farm |
| 21:47 | Create | Villager (Male) |
| 21:56 | Create | Villager (Male) |
| 22:07 | Create | Scout Cavalry |
| 22:08 | Create | Scout Cavalry |
| 22:16 | Build | Farm |
| 22:17 | Build | Farm |
| 22:18 | Create | Villager (Male) |
| 22:21 | Build | Farm |
| 22:22 | Build | Farm |
| 22:25 | Create | Villager (Male) |
| 22:34 | Build | Monastery |
| 22:41 | Create | Villager (Male) |
| 22:47 | Build | Farm |
| 22:59 | Create | Scout Cavalry |
| 23:00 | Create | Scout Cavalry |
| 23:01 | Build | Farm |
| 23:11 | Create | Monk |
| 23:13 | Build | House |
| 23:18 | Create | Villager (Male) |
| 23:29 | Create | Villager (Male) |
| 23:34 | Build | Farm |
| 23:35 | Create | Villager (Male) |
| 23:41 | Create | Scout Cavalry |
| 23:47 | Build | Siege Workshop |
| 23:55 | Create | Villager (Male) |
| 24:22 | Create | Monk |
| 24:23 | Create | Scout Cavalry |
| 24:24 | Create | Scout Cavalry |
| 24:25 | Create | Villager (Male) |
| 24:27 | Create | Villager (Male) |
| 24:31 | Build | Town Center |
| 24:32 | Create | Villager (Male) |
| 24:43 | Create | Armored Elephant |
| 24:48 | Build | House |
| 24:52 | Create | Villager (Male) |
| 24:54 | Build | Mining Camp |
| 24:55 | Create | Villager (Male) |
| 25:02 | Create | Monk |
| 25:06 | Create | Armored Elephant |
| 25:17 | Create | Monk |
| 25:18 | Build | Farm |
| 25:21 | Build | House |
| 25:22 | Create | Villager (Male) |
Build order — Oni.TaToH
First 150 of 420 actions detected
| 0:01 | Create | Villager (Male) ×4 |
| 0:02 | Build | House |
| 0:04 | Build | House |
| 1:24 | Create | Villager (Male) |
| 1:50 | Create | Villager (Male) |
| 2:25 | Create | Villager (Male) |
| 2:28 | Build | Lumber Camp |
| 2:40 | Create | Villager (Male) |
| 3:09 | Create | Villager (Male) |
| 3:42 | Create | Villager (Male) |
| 3:42 | Create | Villager (Male) |
| 3:49 | Build | House |
| 3:57 | Create | Villager (Male) |
| 4:13 | Create | Villager (Male) |
| 4:45 | Build | Mill |
| 4:49 | Create | Villager (Male) |
| 5:43 | Research | Loom |
| 6:18 | Research | Feudal Age |
| 6:41 | Build | Mining Camp |
| 6:46 | Build | House |
| 7:19 | Create | Villager (Male) |
| 8:24 | Build | Palisade Wall |
| 8:26 | Create | Villager (Male) |
| 8:28 | Age | Feudal Age |
| 8:38 | Research | Double-Bit Axe |
| 8:38 | Create | Villager (Male) |
| 8:57 | Build | Blacksmith |
| 9:33 | Create | Villager (Male) |
| 9:43 | Build | House |
| 9:47 | Build | Siege Workshop |
| 9:52 | Create | Villager (Male) |
| 10:20 | Create | Battering Ram |
| 10:26 | Build | House |
| 10:27 | Create | Villager (Male) |
| 10:47 | Create | Villager (Male) |
| 11:10 | Create | Villager (Male) |
| 11:14 | Create | Battering Ram |
| 11:29 | Create | Villager (Male) |
| 11:40 | Create | Villager (Male) |
| 12:19 | Create | Villager (Male) |
| 12:20 | Create | Battering Ram |
| 12:43 | Create | Villager (Male) |
| 12:47 | Build | Town Center |
| 13:09 | Create | Villager (Male) |
| 13:30 | Create | Villager (Male) |
| 13:55 | Create | Villager (Male) |
| 13:58 | Create | Villager (Male) |
| 14:00 | Build | Farm |
| 14:00 | Build | Farm |
| 14:00 | Build | Farm |
| 14:00 | Build | Farm |
| 14:01 | Build | Farm |
| 14:38 | Create | Villager (Male) |
| 14:40 | Build | House |
| 14:41 | Build | Farm |
| 14:49 | Create | Villager (Male) |
| 14:50 | Build | Farm |
| 15:20 | Create | Villager (Male) |
| 15:22 | Build | Farm |
| 15:23 | Build | Farm |
| 15:30 | Create | Villager (Male) |
| 15:30 | Build | Farm |
| 15:49 | Build | Mill |
| 15:53 | Create | Villager (Male) |
| 16:01 | Create | Villager (Male) |
| 16:16 | Create | Villager (Male) |
| 16:21 | Create | Villager (Male) |
| 16:24 | Build | Farm |
| 16:24 | Build | Farm |
| 16:32 | Build | Farm |
| 16:37 | Create | Villager (Male) |
| 16:41 | Build | Farm |
| 16:47 | Create | Villager (Male) |
| 17:00 | Build | Farm |
| 17:01 | Create | Villager (Male) |
| 17:08 | Create | Villager (Male) |
| 17:13 | Build | Farm |
| 17:14 | Create | Villager (Male) |
| 17:15 | Build | Farm |
| 17:18 | Create | Villager (Male) |
| 17:23 | Build | House |
| 17:27 | Research | Wheelbarrow |
| 17:47 | Create | Villager (Male) |
| 17:54 | Build | Farm |
| 17:56 | Build | Farm |
| 18:02 | Build | Farm |
| 18:16 | Create | Villager (Male) |
| 18:18 | Build | Market |
| 18:36 | Create | Villager (Male) |
| 18:44 | Build | Farm |
| 18:48 | Build | Lumber Camp |
| 18:51 | Create | Villager (Male) |
| 18:59 | Create | Villager (Male) |
| 19:00 | Create | Villager (Male) |
| 19:07 | Build | Farm |
| 19:26 | Build | House |
| 19:42 | Research | Castle Age |
| 19:45 | Create | Villager (Male) |
| 19:56 | Create | Villager (Male) |
| 20:08 | Build | Farm |
| 20:11 | Create | Villager (Male) |
| 20:20 | Create | Villager (Male) |
| 20:24 | Build | Barracks |
| 20:35 | Create | Villager (Male) |
| 20:42 | Build | Farm |
| 20:46 | Research | Gold Mining |
| 20:46 | Research | Gold Mining |
| 20:47 | Research | Horse Collar |
| 20:53 | Build | Farm |
| 20:54 | Build | Farm |
| 21:02 | Build | House |
| 21:09 | Build | Stable |
| 21:21 | Create | Villager (Male) |
| 21:22 | Build | Stable |
| 21:30 | Research | Scale Barding Armor |
| 21:30 | Research | Scale Barding Armor |
| 21:31 | Research | Forging |
| 21:42 | Build | Farm |
| 22:03 | Research | Bloodlines |
| 22:04 | Research | Bloodlines |
| 22:06 | Build | House |
| 22:06 | Build | House |
| 22:08 | Create | Villager (Male) |
| 22:22 | Age | Castle Age |
| 22:24 | Create | Steppe Lancer |
| 22:25 | Create | Steppe Lancer |
| 22:25 | Create | Villager (Male) |
| 22:28 | Research | Bow Saw |
| 22:28 | Create | Villager (Male) |
| 22:30 | Build | Farm |
| 22:30 | Create | Villager (Male) |
| 22:36 | Build | House |
| 22:39 | Create | Steppe Lancer |
| 22:44 | Create | Steppe Lancer |
| 22:46 | Create | Villager (Male) |
| 22:58 | Create | Steppe Lancer |
| 23:15 | Create | Steppe Lancer |
| 23:32 | Create | Villager (Male) |
| 23:37 | Create | Steppe Lancer |
| 23:42 | Create | Villager (Male) |
| 23:44 | Create | Steppe Lancer |
| 23:45 | Create | Villager (Male) |
| 23:46 | Build | House |
| 23:46 | Build | House |
| 23:48 | Create | Steppe Lancer |
| 23:52 | Research | Bloodlines |
| 23:53 | Research | Bloodlines |
| 23:58 | Create | Steppe Lancer |
| 24:17 | Create | Villager (Male) |
| 24:18 | Create | Villager (Male) |
Build order — [R1] Duke PEÑAROL Thompson
First 150 of 388 actions detected
| 0:00 | Create | Villager (Male) |
| 0:01 | Create | Villager (Male) |
| 0:02 | Build | House |
| 0:03 | Build | House |
| 0:04 | Create | Villager (Male) |
| 0:04 | Create | Villager (Male) |
| 1:32 | Create | Villager (Male) |
| 1:32 | Create | Villager (Male) |
| 1:49 | Create | Villager (Male) |
| 2:12 | Create | Villager (Male) |
| 2:12 | Create | Villager (Male) |
| 2:24 | Create | Villager (Male) |
| 3:02 | Create | Villager (Male) |
| 3:22 | Build | House |
| 3:25 | Create | Villager (Male) |
| 3:30 | Create | Villager (Male) |
| 3:30 | Create | Villager (Male) |
| 3:55 | Build | Mill |
| 3:55 | Create | Villager (Male) |
| 4:01 | Create | Villager (Male) |
| 4:36 | Build | House |
| 4:40 | Build | Palisade Wall |
| 5:20 | Create | Villager (Male) |
| 5:34 | Research | Loom |
| 6:13 | Create | Villager (Male) |
| 6:49 | Research | Feudal Age |
| 6:49 | Research | Feudal Age |
| 7:13 | Build | Barracks |
| 8:04 | Build | Mule Cart |
| 8:18 | Build | House |
| 8:30 | Create | Villager (Male) |
| 8:59 | Age | Feudal Age |
| 9:04 | Create | Villager (Male) |
| 9:09 | Build | Archery Range |
| 9:22 | Build | Palisade Wall |
| 9:22 | Build | Palisade Wall |
| 9:25 | Create | Villager (Male) |
| 9:53 | Build | Palisade Wall |
| 9:54 | Create | Archer |
| 9:55 | Create | Archer |
| 9:56 | Create | Villager (Male) |
| 9:56 | Create | Villager (Male) |
| 9:57 | Create | Villager (Male) |
| 9:57 | Create | Villager (Male) |
| 10:02 | Research | Double-Bit Axe |
| 10:02 | Research | Double-Bit Axe |
| 10:04 | Create | Villager (Male) |
| 10:08 | Build | House |
| 10:09 | Build | House |
| 10:11 | Build | House |
| 10:17 | Create | Archer |
| 10:50 | Build | Palisade Wall |
| 10:51 | Create | Villager (Male) |
| 10:52 | Create | Villager (Male) |
| 10:52 | Create | Villager (Male) |
| 11:10 | Build | Stone Wall |
| 11:13 | Create | Villager (Male) |
| 11:15 | Build | Stone Wall |
| 11:20 | Create | Archer |
| 11:36 | Create | Spearman |
| 11:56 | Create | Archer |
| 12:00 | Build | Stone Wall |
| 12:00 | Build | Stone Wall |
| 12:09 | Build | Stone Wall |
| 12:12 | Build | Stone Wall |
| 12:21 | Create | Villager (Male) |
| 12:31 | Build | Stone Wall |
| 12:32 | Build | Stone Wall |
| 12:48 | Create | Villager (Male) |
| 12:55 | Create | Archer |
| 13:08 | Create | Archer |
| 13:17 | Create | Villager (Male) |
| 13:40 | Create | Archer |
| 13:41 | Create | Villager (Male) |
| 13:41 | Create | Villager (Male) |
| 13:52 | Build | Farm |
| 13:52 | Build | Farm |
| 13:52 | Build | Farm |
| 13:52 | Build | Farm |
| 13:53 | Build | Farm |
| 13:53 | Build | Farm |
| 13:54 | Build | Farm |
| 13:54 | Build | Farm |
| 13:54 | Build | Farm |
| 14:12 | Create | Villager (Male) |
| 14:48 | Create | Villager (Male) |
| 14:48 | Create | Villager (Male) |
| 15:00 | Create | Villager (Male) |
| 15:01 | Create | Villager (Male) |
| 15:01 | Create | Villager (Male) |
| 15:22 | Build | Stone Wall |
| 15:35 | Build | Farm |
| 15:35 | Build | Farm |
| 15:35 | Build | Farm |
| 15:36 | Build | Farm |
| 15:36 | Build | Farm |
| 15:36 | Build | Farm |
| 15:36 | Build | Farm |
| 15:37 | Build | Farm |
| 15:37 | Build | Farm |
| 15:37 | Build | Farm |
| 15:37 | Build | Farm |
| 15:43 | Build | House |
| 15:50 | Create | Villager (Male) |
| 15:58 | Build | Gate |
| 16:08 | Build | Farm |
| 16:09 | Build | Farm |
| 16:09 | Build | Farm |
| 16:09 | Create | Villager (Male) |
| 16:10 | Create | Villager (Male) |
| 16:21 | Create | Villager (Male) |
| 16:21 | Create | Villager (Male) |
| 16:21 | Create | Villager (Male) |
| 16:35 | Build | Farm |
| 16:35 | Build | Farm |
| 16:35 | Build | Farm |
| 16:36 | Create | Villager (Male) |
| 16:37 | Create | Villager (Male) |
| 16:50 | Build | Stone Wall |
| 17:16 | Build | Stone Wall |
| 17:24 | Build | Stone Wall |
| 17:49 | Create | Villager (Male) |
| 17:50 | Create | Villager (Male) |
| 17:52 | Build | Market |
| 17:53 | Create | Villager (Male) |
| 18:02 | Create | Archer |
| 18:06 | Build | House |
| 18:07 | Build | House |
| 18:07 | Build | House |
| 18:07 | Build | House |
| 18:17 | Build | Mule Cart |
| 19:08 | Research | Castle Age |
| 19:08 | Create | Villager (Male) |
| 19:27 | Build | Stone Wall |
| 19:34 | Build | House |
| 20:12 | Create | Villager (Male) |
| 20:20 | Build | Watch Tower |
| 20:35 | Build | House |
| 20:43 | Create | Villager (Male) |
| 20:53 | Build | House |
| 20:55 | Build | Palisade Wall |
| 21:31 | Create | Villager (Male) |
| 21:33 | Build | Archery Range |
| 21:35 | Build | Archery Range |
| 21:48 | Age | Castle Age |
| 22:00 | Research | Crossbowman (upgrade) |
| 22:00 | Research | Crossbowman (upgrade) |
| 22:02 | Create | Villager (Male) |
| 22:04 | Build | Blacksmith |
| 22:04 | Create | Villager (Male) |
Build order — VN_DarK_KnighT_
First 150 of 400 actions detected
| 0:01 | Create | Villager (Male) ×4 |
| 0:01 | Create | Villager (Male) ×4 |
| 0:02 | Build | House |
| 0:03 | Build | House |
| 0:36 | Build | Mill |
| 1:36 | Create | Villager (Male) |
| 1:36 | Create | Villager (Male) |
| 1:51 | Create | Villager (Male) |
| 1:51 | Create | Villager (Male) |
| 2:15 | Create | Villager (Male) |
| 2:15 | Create | Villager (Male) |
| 2:16 | Create | Villager (Male) |
| 2:30 | Create | Villager (Male) |
| 3:04 | Create | Villager (Male) |
| 3:04 | Create | Villager (Male) |
| 3:04 | Create | Villager (Male) |
| 3:15 | Create | Villager (Male) |
| 3:16 | Create | Villager (Male) |
| 3:45 | Create | Villager (Male) |
| 3:45 | Create | Villager (Male) |
| 3:49 | Build | House |
| 4:23 | Create | Villager (Male) |
| 4:23 | Create | Villager (Male) |
| 4:36 | Build | Lumber Camp |
| 4:54 | Create | Villager (Male) |
| 5:36 | Create | Villager (Male) |
| 5:41 | Build | House |
| 5:47 | Create | Villager (Male) |
| 5:47 | Create | Villager (Male) |
| 5:47 | Create | Villager (Male) |
| 5:56 | Build | Palisade Wall |
| 5:57 | Build | Palisade Wall |
| 6:03 | Build | Palisade Wall |
| 6:44 | Create | Villager (Male) |
| 6:53 | Research | Loom |
| 7:05 | Build | Palisade Wall |
| 7:13 | Build | Mining Camp |
| 7:52 | Research | Feudal Age |
| 8:15 | Build | Palisade Wall |
| 8:17 | Build | Palisade Wall |
| 9:31 | Build | Barracks |
| 9:36 | Create | Villager (Male) |
| 9:36 | Create | Villager (Male) |
| 10:06 | Age | Feudal Age |
| 10:10 | Build | Blacksmith |
| 10:12 | Create | Villager (Male) |
| 11:10 | Build | Stable |
| 11:24 | Create | Villager (Male) |
| 11:37 | Build | House |
| 11:59 | Research | Castle Age |
| 12:07 | Build | House |
| 12:17 | Build | House |
| 13:11 | Create | Camel Scout |
| 13:25 | Create | Camel Scout |
| 13:34 | Research | Double-Bit Axe |
| 13:34 | Research | Double-Bit Axe |
| 13:42 | Create | Camel Scout |
| 14:28 | Research | Bloodlines |
| 14:29 | Create | Villager (Male) |
| 14:39 | Age | Castle Age |
| 14:40 | Create | Camel Scout |
| 14:45 | Build | Siege Workshop |
| 14:57 | Create | Villager (Male) |
| 15:11 | Create | Shrivamsha Rider |
| 15:28 | Create | Villager (Male) |
| 15:40 | Create | Shrivamsha Rider |
| 15:46 | Create | Mangonel |
| 15:47 | Build | House |
| 15:58 | Create | Villager (Male) |
| 16:07 | Build | Lumber Camp |
| 16:28 | Create | Villager (Male) |
| 16:29 | Build | Farm |
| 16:33 | Build | Farm |
| 16:34 | Build | Farm |
| 16:35 | Build | Farm |
| 16:55 | Build | Farm |
| 17:00 | Create | Villager (Male) |
| 17:01 | Create | Scorpion |
| 17:06 | Create | Mangonel |
| 17:17 | Build | House |
| 17:23 | Create | Villager (Male) |
| 17:26 | Build | Farm |
| 17:50 | Create | Scorpion |
| 17:51 | Create | Villager (Male) |
| 18:02 | Build | Farm |
| 18:03 | Build | Farm |
| 18:08 | Build | House |
| 18:11 | Build | House |
| 18:19 | Create | Villager (Male) |
| 18:22 | Create | Scorpion |
| 18:34 | Build | Farm |
| 18:37 | Build | Farm |
| 18:41 | Create | Camel Scout |
| 18:50 | Build | House |
| 19:10 | Create | Camel Scout |
| 19:18 | Build | House |
| 19:20 | Create | Villager (Male) |
| 19:31 | Build | Farm |
| 19:33 | Build | Farm |
| 19:35 | Create | Mangonel |
| 19:55 | Create | Camel Scout |
| 19:58 | Create | Villager (Male) |
| 20:24 | Create | Villager (Male) |
| 20:25 | Create | Villager (Male) |
| 20:31 | Build | Farm |
| 20:32 | Build | Farm |
| 20:49 | Create | Camel Scout |
| 21:13 | Create | Villager (Male) ×2 |
| 21:32 | Create | Camel Scout |
| 21:36 | Create | Villager (Male) |
| 21:45 | Build | Town Center |
| 22:05 | Build | Monastery |
| 22:10 | Create | Camel Scout |
| 22:17 | Create | Villager (Male) |
| 22:33 | Create | Camel Scout |
| 22:34 | Create | Villager (Male) |
| 22:39 | Build | Farm |
| 22:40 | Build | Farm |
| 22:41 | Build | Farm |
| 22:46 | Research | Horse Collar |
| 22:58 | Build | House |
| 23:00 | Create | Villager (Male) |
| 23:02 | Create | Monk |
| 23:11 | Build | Farm |
| 23:27 | Create | Villager (Male) |
| 23:48 | Create | Monk |
| 23:51 | Create | Villager (Male) |
| 24:18 | Create | Villager (Male) ×5 |
| 24:27 | Create | Camel Scout |
| 24:38 | Create | Villager (Male) |
| 24:46 | Build | House |
| 24:47 | Create | Villager (Male) ×5 |
| 24:52 | Build | Mining Camp |
| 24:54 | Build | Farm |
| 25:01 | Create | Camel Scout |
| 25:20 | Build | Farm |
| 25:21 | Build | Farm |
| 25:32 | Create | Villager (Male) ×5 |
| 25:58 | Create | Camel Scout |
| 26:08 | Create | Villager (Male) |
| 26:14 | Create | Camel Scout |
| 26:15 | Create | Villager (Male) |
| 26:15 | Create | Villager (Male) |
| 26:18 | Create | Villager (Male) |
| 26:27 | Create | Camel Scout |
| 26:31 | Create | Monk |
| 26:31 | Create | Monk |
| 26:32 | Create | Monk |
| 26:48 | Build | House |
| 26:48 | Create | Villager (Male) |
Build order — [R1] 12Tirador
First 150 of 530 actions detected
| 0:00 | Create | Villager (Male) |
| 0:00 | Create | Villager (Male) |
| 0:00 | Create | Villager (Male) |
| 0:01 | Create | Villager (Male) |
| 0:02 | Build | House |
| 0:03 | Build | House |
| 1:32 | Create | Villager (Male) |
| 1:56 | Create | Villager (Male) |
| 2:29 | Create | Villager (Male) |
| 2:29 | Create | Villager (Male) |
| 2:34 | Build | Lumber Camp |
| 3:06 | Create | Villager (Male) |
| 3:29 | Build | House |
| 3:33 | Create | Villager (Male) |
| 4:05 | Create | Villager (Male) |
| 4:06 | Create | Villager (Male) |
| 4:12 | Create | Villager (Male) |
| 4:22 | Create | Villager (Male) |
| 4:46 | Create | Villager (Male) |
| 5:11 | Build | Mill |
| 6:02 | Create | Villager (Male) |
| 6:06 | Build | House |
| 6:42 | Create | Villager (Male) |
| 7:06 | Research | Feudal Age |
| 8:06 | Create | Villager (Male) |
| 8:10 | Build | House |
| 8:15 | Build | Barracks |
| 9:17 | Age | Feudal Age |
| 9:18 | Build | Stable |
| 9:22 | Research | Double-Bit Axe |
| 9:22 | Research | Double-Bit Axe |
| 9:33 | Create | Villager (Male) |
| 9:48 | Create | Villager (Male) |
| 9:55 | Create | Villager (Male) |
| 10:04 | Research | Loom |
| 10:04 | Create | Villager (Male) |
| 10:06 | Create | Villager (Male) |
| 10:08 | Build | Mill |
| 10:11 | Create | Scout Cavalry |
| 10:11 | Create | Scout Cavalry |
| 10:13 | Build | House |
| 10:24 | Create | Scout Cavalry |
| 10:43 | Create | Scout Cavalry |
| 10:45 | Research | Horse Collar |
| 10:47 | Build | Farm |
| 11:04 | Create | Villager (Male) |
| 11:18 | Build | Farm |
| 11:35 | Create | Villager (Male) |
| 11:38 | Build | Farm |
| 11:40 | Create | Villager (Male) |
| 11:56 | Create | Villager (Male) |
| 12:01 | Build | Farm |
| 12:03 | Create | Scout Cavalry |
| 12:15 | Build | House |
| 12:18 | Build | Farm |
| 12:32 | Create | Villager (Male) |
| 12:35 | Build | Farm |
| 12:35 | Build | Farm |
| 12:36 | Build | House |
| 12:52 | Create | Villager (Male) |
| 13:00 | Create | Villager (Male) |
| 13:05 | Build | Farm |
| 13:06 | Create | Villager (Male) |
| 13:12 | Create | Villager (Male) |
| 13:30 | Create | Villager (Male) |
| 13:33 | Build | Mining Camp |
| 13:38 | Build | House |
| 13:44 | Build | House |
| 13:44 | Create | Villager (Male) |
| 14:07 | Create | Villager (Male) |
| 14:10 | Create | Villager (Male) |
| 14:11 | Build | Farm |
| 14:14 | Build | Farm |
| 14:17 | Create | Villager (Male) |
| 14:25 | Build | Farm |
| 14:26 | Build | Farm |
| 14:38 | Create | Villager (Male) |
| 14:52 | Create | Villager (Male) |
| 14:53 | Create | Scout Cavalry |
| 14:56 | Build | Farm |
| 15:19 | Build | Farm |
| 15:21 | Build | Farm |
| 15:27 | Create | Villager (Male) |
| 15:33 | Create | Villager (Male) |
| 15:39 | Build | Farm |
| 15:55 | Create | Villager (Male) |
| 16:00 | Build | Farm |
| 16:11 | Build | Farm |
| 16:13 | Build | Farm |
| 16:19 | Create | Villager (Male) |
| 16:46 | Create | Villager (Male) |
| 16:51 | Build | Market |
| 17:29 | Research | Castle Age |
| 17:29 | Research | Castle Age |
| 17:38 | Build | Stable |
| 17:48 | Create | Villager (Male) |
| 17:53 | Build | Blacksmith |
| 17:57 | Research | Gold Mining |
| 18:20 | Build | Stable |
| 18:38 | Create | Villager (Male) |
| 18:43 | Research | Scale Barding Armor |
| 18:48 | Build | Farm |
| 18:49 | Build | Farm |
| 18:55 | Build | Farm |
| 19:04 | Create | Villager (Male) |
| 19:09 | Research | Forging |
| 19:16 | Build | House |
| 19:17 | Build | House |
| 19:54 | Create | Villager (Male) |
| 20:00 | Create | Villager (Male) |
| 20:09 | Age | Castle Age |
| 20:09 | Create | Camel Scout ×4 |
| 20:14 | Research | Bow Saw |
| 20:23 | Build | Town Center |
| 20:24 | Create | Camel Scout |
| 20:24 | Create | Camel Scout |
| 20:26 | Create | Villager (Male) |
| 20:31 | Create | Villager (Male) |
| 20:34 | Build | Town Center |
| 20:50 | Create | Camel Scout |
| 20:51 | Create | Camel Scout |
| 20:54 | Create | Villager (Male) |
| 21:03 | Create | Camel Scout |
| 21:03 | Create | Camel Scout |
| 21:11 | Create | Camel Scout |
| 21:21 | Create | Villager (Male) |
| 21:23 | Build | Farm |
| 21:24 | Build | Farm |
| 21:25 | Build | Farm |
| 21:26 | Create | Camel Scout |
| 21:29 | Build | Farm |
| 21:29 | Build | Farm |
| 21:30 | Build | Farm |
| 21:30 | Build | Farm |
| 21:38 | Create | Camel Scout |
| 21:38 | Create | Camel Scout |
| 21:52 | Create | Villager (Male) |
| 22:02 | Create | Camel Scout |
| 22:12 | Create | Villager (Male) |
| 22:14 | Build | Farm |
| 22:14 | Build | Farm |
| 22:14 | Build | Farm |
| 22:14 | Build | Farm |
| 22:15 | Build | Farm |
| 22:15 | Build | Farm |
| 22:19 | Create | Camel Scout |
| 22:25 | Create | Villager (Male) |
| 22:39 | Create | Camel Scout ×2 |
| 22:49 | Create | Camel Scout |
| 22:50 | Create | Villager (Male) |
Build order — Milldeitus
First 150 of 547 actions detected
| 0:01 | Create | Villager (Male) |
| 0:01 | Create | Villager (Male) |
| 0:02 | Build | House |
| 0:03 | Build | House |
| 0:08 | Create | Villager (Male) |
| 0:08 | Create | Villager (Male) |
| 1:23 | Create | Villager (Male) |
| 1:23 | Create | Villager (Male) |
| 2:05 | Create | Villager (Male) |
| 2:05 | Create | Villager (Male) |
| 2:06 | Create | Villager (Male) |
| 2:32 | Build | Lumber Camp |
| 2:48 | Create | Villager (Male) |
| 2:48 | Create | Villager (Male) |
| 3:02 | Create | Villager (Male) |
| 3:03 | Create | Villager (Male) |
| 3:34 | Create | Villager (Male) |
| 3:35 | Create | Villager (Male) |
| 3:55 | Build | House |
| 4:02 | Create | Villager (Male) |
| 4:03 | Create | Villager (Male) |
| 4:18 | Create | Villager (Male) |
| 4:19 | Create | Villager (Male) |
| 4:55 | Build | Mill |
| 4:55 | Create | Villager (Male) |
| 4:55 | Create | Villager (Male) |
| 4:56 | Create | Villager (Male) |
| 5:24 | Create | Villager (Male) |
| 5:24 | Create | Villager (Male) |
| 5:56 | Create | Villager (Male) |
| 6:12 | Build | House |
| 6:31 | Create | Villager (Male) |
| 6:55 | Create | Villager (Male) |
| 7:22 | Create | Villager (Male) |
| 7:36 | Build | House |
| 7:37 | Build | Palisade Wall |
| 7:45 | Create | Villager (Male) |
| 7:52 | Build | Farm |
| 8:17 | Create | Villager (Male) |
| 8:41 | Research | Feudal Age |
| 8:52 | Build | Mining Camp |
| 9:08 | Build | House |
| 9:36 | Build | Farm |
| 9:37 | Build | Farm |
| 10:01 | Create | Villager (Male) |
| 10:31 | Build | Farm |
| 10:33 | Build | Farm |
| 10:56 | Age | Feudal Age |
| 10:59 | Build | Market |
| 11:04 | Build | Blacksmith |
| 11:07 | Create | Villager (Male) |
| 11:33 | Create | Villager (Male) |
| 11:43 | Build | Barracks |
| 12:02 | Build | House |
| 12:05 | Research | Loom |
| 12:38 | Research | Castle Age |
| 12:39 | Research | Castle Age |
| 12:59 | Build | Palisade Gate |
| 13:02 | Build | House |
| 13:18 | Research | Double-Bit Axe |
| 13:21 | Create | Eagle Scout |
| 13:22 | Create | Eagle Scout |
| 13:37 | Create | Eagle Scout |
| 13:57 | Create | Eagle Scout |
| 14:11 | Build | Farm |
| 14:12 | Build | Farm |
| 14:15 | Research | Horse Collar |
| 14:23 | Build | Farm |
| 14:24 | Create | Eagle Scout |
| 14:39 | Create | Eagle Scout |
| 14:44 | Build | Farm |
| 14:46 | Research | Scale Mail Armor |
| 14:47 | Research | Scale Mail Armor |
| 15:04 | Create | Villager (Male) |
| 15:18 | Age | Castle Age |
| 15:25 | Create | Villager (Male) |
| 15:41 | Create | Villager (Male) |
| 15:53 | Create | Eagle Scout |
| 15:55 | Create | Villager (Male) |
| 16:05 | Create | Villager (Male) |
| 16:11 | Build | Town Center |
| 16:26 | Create | Eagle Scout |
| 16:30 | Create | Villager (Male) |
| 16:32 | Build | Farm |
| 16:53 | Create | Villager (Male) |
| 16:55 | Build | Farm |
| 17:10 | Create | Villager (Male) |
| 17:14 | Create | Villager (Male) |
| 17:16 | Research | Bow Saw |
| 17:16 | Research | Bow Saw |
| 17:34 | Create | Villager (Male) |
| 17:34 | Create | Villager (Male) |
| 17:46 | Build | Farm |
| 17:46 | Create | Villager (Male) |
| 17:55 | Build | Farm |
| 18:13 | Research | Wheelbarrow |
| 18:22 | Build | Farm |
| 18:23 | Create | Villager (Male) |
| 18:24 | Create | Villager (Male) |
| 18:35 | Create | Villager (Male) |
| 18:44 | Create | Villager (Male) |
| 18:44 | Create | Villager (Male) |
| 19:02 | Build | Monastery |
| 19:12 | Build | Farm |
| 19:13 | Build | Farm |
| 19:16 | Build | Farm |
| 19:18 | Create | Villager (Male) |
| 19:18 | Create | Villager (Male) |
| 19:31 | Build | Farm |
| 19:31 | Build | Farm |
| 19:51 | Build | Farm |
| 19:52 | Create | Villager (Male) |
| 19:55 | Create | Monk |
| 20:08 | Create | Villager (Male) |
| 20:15 | Build | Farm |
| 20:16 | Build | Farm |
| 20:19 | Build | Farm |
| 20:23 | Create | Villager (Male) |
| 20:32 | Create | Villager (Male) |
| 20:45 | Create | Villager (Male) |
| 20:45 | Create | Villager (Male) |
| 20:47 | Build | House |
| 20:48 | Build | House |
| 20:49 | Build | House |
| 20:52 | Build | House |
| 20:57 | Build | House |
| 20:57 | Build | House |
| 21:00 | Research | Hand Cart |
| 21:00 | Research | Hand Cart |
| 21:01 | Create | Villager (Male) |
| 21:01 | Create | Villager (Male) |
| 21:13 | Build | Farm |
| 21:18 | Create | Villager (Male) |
| 21:18 | Create | Villager (Male) |
| 21:39 | Build | Farm |
| 21:43 | Create | Villager (Male) |
| 21:44 | Create | Villager (Male) |
| 21:46 | Build | Farm |
| 21:46 | Build | Farm |
| 21:54 | Create | Villager (Male) |
| 21:54 | Create | Villager (Male) |
| 21:54 | Create | Villager (Male) |
| 21:55 | Create | Villager (Male) |
| 22:05 | Create | Monk |
| 22:07 | Build | House |
| 22:08 | Build | House |
| 22:11 | Create | Villager (Male) |
| 22:22 | Create | Villager (Male) |
| 22:22 | Create | Villager (Male) |
| 22:23 | Create | Villager (Male) |
Build order — [R1] Pume
First 150 of 430 actions detected
| 0:01 | Create | Villager (Male) |
| 0:03 | Build | House |
| 0:05 | Build | House |
| 0:06 | Create | Villager (Male) |
| 0:08 | Create | Villager (Male) |
| 0:11 | Create | Villager (Male) |
| 1:31 | Create | Villager (Male) |
| 2:03 | Create | Villager (Male) |
| 2:14 | Create | Villager (Male) |
| 2:28 | Build | Lumber Camp |
| 2:50 | Create | Villager (Male) |
| 3:15 | Create | Villager (Male) |
| 3:44 | Create | Villager (Male) |
| 3:47 | Create | Villager (Male) |
| 4:04 | Build | House |
| 4:22 | Create | Villager (Male) |
| 4:34 | Create | Villager (Male) |
| 5:22 | Build | House |
| 5:28 | Create | Villager (Male) |
| 5:32 | Create | Villager (Male) |
| 5:40 | Create | Villager (Male) |
| 5:45 | Create | Villager (Male) |
| 5:58 | Build | Palisade Wall |
| 6:26 | Build | Barracks |
| 6:47 | Create | Villager (Male) |
| 7:25 | Build | Mining Camp |
| 7:29 | Research | Loom |
| 7:56 | Research | Feudal Age |
| 7:57 | Research | Feudal Age |
| 7:58 | Create | Militia |
| 8:20 | Create | Militia |
| 8:21 | Create | Militia |
| 8:34 | Build | Mining Camp |
| 8:56 | Create | Militia |
| 9:05 | Build | House |
| 9:16 | Age | Feudal Age |
| 9:31 | Create | Villager (Male) |
| 10:05 | Build | Watch Tower |
| 10:14 | Create | Villager (Male) |
| 10:31 | Build | Blacksmith |
| 11:15 | Build | Stone Wall |
| 11:17 | Create | Villager (Male) |
| 11:21 | Build | Mill |
| 11:46 | Create | Villager (Male) |
| 12:17 | Create | Villager (Male) |
| 12:19 | Build | Farm |
| 12:20 | Build | Farm |
| 12:20 | Build | Farm |
| 12:44 | Build | Farm |
| 12:44 | Build | Farm |
| 12:44 | Build | Farm |
| 12:51 | Build | Stone Wall |
| 12:58 | Create | Villager (Male) |
| 13:04 | Build | Watch Tower |
| 13:10 | Build | Watch Tower |
| 13:16 | Build | Watch Tower |
| 13:18 | Build | Farm |
| 13:21 | Build | House |
| 13:32 | Create | Villager (Male) |
| 13:35 | Research | Man-at-Arms (upgrade) |
| 13:54 | Build | House |
| 13:54 | Build | House |
| 13:56 | Create | Villager (Male) |
| 14:14 | Create | Villager (Male) |
| 14:16 | Build | Farm |
| 14:36 | Create | Villager (Male) |
| 14:47 | Create | Villager (Male) |
| 14:51 | Build | Farm |
| 14:51 | Create | Villager (Male) |
| 15:01 | Build | Stone Wall |
| 15:03 | Build | Stone Wall |
| 15:15 | Build | Mining Camp |
| 15:16 | Create | Villager (Male) |
| 15:22 | Create | Villager (Male) |
| 15:26 | Research | Double-Bit Axe |
| 15:38 | Build | Farm |
| 15:46 | Create | Villager (Male) |
| 15:51 | Create | Villager (Male) |
| 16:03 | Create | Villager (Male) |
| 16:10 | Build | Stone Wall |
| 16:24 | Create | Villager (Male) |
| 16:28 | Create | Villager (Male) |
| 16:53 | Create | Villager (Male) |
| 16:56 | Build | Farm |
| 16:57 | Build | Farm |
| 16:58 | Create | Villager (Male) |
| 17:02 | Build | Stone Wall |
| 17:16 | Create | Villager (Male) |
| 17:22 | Create | Villager (Male) |
| 17:25 | Build | Farm |
| 17:33 | Build | Farm |
| 17:39 | Create | Villager (Male) |
| 17:49 | Create | Villager (Male) |
| 17:50 | Build | Farm |
| 17:55 | Research | Horse Collar |
| 18:45 | Create | Villager (Male) |
| 18:50 | Build | Market |
| 19:01 | Create | Villager (Male) |
| 19:17 | Build | Lumber Camp |
| 19:58 | Research | Castle Age |
| 20:46 | Build | Watch Tower |
| 20:47 | Create | Villager (Male) |
| 21:11 | Build | Palisade Wall |
| 21:12 | Build | Stone Wall |
| 21:23 | Create | Villager (Male) |
| 21:31 | Build | Outpost |
| 21:35 | Age | Castle Age |
| 21:38 | Research | Bow Saw |
| 21:39 | Create | Villager (Male) |
| 21:50 | Create | Villager (Male) |
| 21:54 | Build | Outpost |
| 21:57 | Create | Villager (Male) |
| 22:01 | Research | Bow Saw |
| 22:07 | Create | Villager (Male) |
| 22:11 | Build | Town Center |
| 22:24 | Create | Villager (Male) |
| 22:27 | Create | Villager (Male) |
| 22:37 | Build | Mining Camp |
| 22:37 | Create | Villager (Male) |
| 22:59 | Create | Villager (Male) |
| 23:00 | Create | Villager (Male) |
| 23:05 | Create | Villager (Male) |
| 23:08 | Create | Villager (Male) |
| 23:10 | Build | Town Center |
| 23:11 | Create | Villager (Male) |
| 23:12 | Create | Villager (Male) |
| 23:21 | Create | Villager (Male) |
| 23:24 | Create | Villager (Male) |
| 23:26 | Build | Gate |
| 23:31 | Build | Gate |
| 23:41 | Build | House |
| 23:44 | Build | Farm |
| 23:44 | Build | Farm |
| 23:44 | Build | Farm |
| 23:44 | Build | Farm |
| 23:45 | Build | Farm |
| 23:45 | Build | Farm |
| 23:52 | Build | Farm |
| 23:52 | Build | Farm |
| 23:52 | Build | Farm |
| 23:53 | Create | Villager (Male) |
| 24:05 | Create | Villager (Male) |
| 24:25 | Create | Villager (Male) |
| 24:30 | Build | Outpost |
| 24:31 | Research | Town Watch |
| 24:42 | Build | Outpost |
| 24:46 | Create | Villager (Male) |
| 24:48 | Create | Villager (Male) |
| 24:55 | Create | Villager (Male) |
| 24:59 | Create | Villager (Male) |
Match timeline
| 4:40 | [R1] Duke PEÑAROL Thompson · wall_segment Palisade Wall x12 |
| 5:56 | VN_DarK_KnighT_ · wall_segment Palisade Wall x4 |
| 5:57 | VN_DarK_KnighT_ · wall_segment Palisade Wall x1 |
| 5:58 | [R1] Pume · wall_segment Palisade Wall x1 |
| 6:03 | VN_DarK_KnighT_ · wall_segment Palisade Wall x3 |
| 6:26 | [R1] Pume · first_building Barracks |
| 7:05 | VN_DarK_KnighT_ · wall_segment Palisade Wall x8 |
| 7:13 | [R1] Duke PEÑAROL Thompson · first_building Barracks |
| 7:37 | Milldeitus · wall_segment Palisade Wall x3 |
| 8:03 | VN_MiLLeNcOlin · first_building Barracks |
| 8:08 | VN_MiLLeNcOlin · wall_segment Palisade Wall x1 |
| 8:15 | [R1] 12Tirador · first_building Barracks |
| 8:15 | VN_DarK_KnighT_ · wall_segment Palisade Wall x6 |
| 8:17 | VN_DarK_KnighT_ · wall_segment Palisade Wall x12 |
| 8:21 | VN_KoNFeR · first_building Barracks |
| 8:24 | Oni.TaToH · wall_segment Palisade Wall x1 |
| 8:28 | Oni.TaToH · age_up feudal |
| 8:59 | [R1] Duke PEÑAROL Thompson · age_up feudal |
| 9:09 | [R1] Duke PEÑAROL Thompson · first_building Archery Range |
| 9:10 | VN_KoNFeR · age_up feudal |
| 9:16 | [R1] Pume · age_up feudal |
| 9:17 | [R1] 12Tirador · age_up feudal |
| 9:18 | VN_MiLLeNcOlin · age_up feudal |
| 9:18 | [R1] 12Tirador · first_building Stable |
| 9:22 | VN_KoNFeR · first_building Stable |
| 9:22 | [R1] Duke PEÑAROL Thompson · wall_segment Palisade Wall x6 |
| 9:22 | [R1] Duke PEÑAROL Thompson · wall_segment Palisade Wall x1 |
| 9:31 | VN_MiLLeNcOlin · wall_segment Palisade Wall x1 |
| 9:31 | VN_DarK_KnighT_ · first_building Barracks |
| 9:34 | VN_MiLLeNcOlin · first_building Archery Range |
| 9:37 | VN_MiLLeNcOlin · wall_segment Palisade Wall x1 |
| 9:47 | Oni.TaToH · first_building Siege Workshop |
| 9:52 | VN_MiLLeNcOlin · wall_segment Palisade Wall x1 |
| 9:53 | [R1] Duke PEÑAROL Thompson · wall_segment Palisade Wall x6 |
| 10:06 | VN_DarK_KnighT_ · age_up feudal |
| 10:50 | [R1] Duke PEÑAROL Thompson · wall_segment Palisade Wall x14 |
| 10:56 | Milldeitus · age_up feudal |
| 11:10 | [R1] Duke PEÑAROL Thompson · wall_segment Stone Wall x17 |
| 11:10 | VN_DarK_KnighT_ · first_building Stable |
| 11:15 | [R1] Pume · wall_segment Stone Wall x10 |
| 11:15 | [R1] Duke PEÑAROL Thompson · wall_segment Stone Wall x9 |
| 11:43 | Milldeitus · first_building Barracks |
| 11:53 | Milldeitus · first_market_sell 100 stone |
| 11:54 | Milldeitus · first_market_buy 100 food |
| 12:00 | [R1] Duke PEÑAROL Thompson · wall_segment Stone Wall x1 |
| 12:00 | [R1] Duke PEÑAROL Thompson · wall_segment Stone Wall x1 |
| 12:09 | [R1] Duke PEÑAROL Thompson · wall_segment Stone Wall x12 |
| 12:12 | [R1] Duke PEÑAROL Thompson · wall_segment Stone Wall x4 |
| 12:31 | [R1] Duke PEÑAROL Thompson · wall_segment Stone Wall x1 |
| 12:32 | [R1] Duke PEÑAROL Thompson · wall_segment Stone Wall x1 |
| 12:51 | [R1] Pume · wall_segment Stone Wall x9 |
| 14:39 | VN_DarK_KnighT_ · age_up castle |
| 14:45 | VN_DarK_KnighT_ · first_building Siege Workshop |
| 15:01 | [R1] Pume · wall_segment Stone Wall x8 |
| 15:03 | [R1] Pume · wall_segment Stone Wall x8 |
| 15:18 | Milldeitus · age_up castle |
| 15:22 | [R1] Duke PEÑAROL Thompson · wall_segment Stone Wall x1 |
| 16:10 | [R1] Pume · wall_segment Stone Wall x10 |
| 16:46 | Milldeitus · tribute_sent a jugador 1 |
| 16:46 | Milldeitus · tribute_sent a jugador 2 |
| 16:46 | Milldeitus · tribute_sent a jugador 3 |
| 16:46 | Milldeitus · tribute_sent a jugador 4 |
| 16:46 | Milldeitus · tribute_sent a jugador 5 |
| 16:46 | Milldeitus · tribute_sent a jugador 6 |
| 16:46 | Milldeitus · tribute_sent a jugador 8 |
| 16:50 | [R1] Duke PEÑAROL Thompson · wall_segment Stone Wall x1 |
| 17:02 | [R1] Pume · wall_segment Stone Wall x8 |
| 17:16 | [R1] Duke PEÑAROL Thompson · wall_segment Stone Wall x1 |
| 17:24 | [R1] Duke PEÑAROL Thompson · wall_segment Stone Wall x1 |
| 17:52 | VN_KoNFeR · age_up castle |
| 18:48 | [R1] Duke PEÑAROL Thompson · first_market_sell 100 wood |
| 18:49 | [R1] Duke PEÑAROL Thompson · first_market_buy 100 food |
| 19:02 | Milldeitus · first_building Monastery |
| 19:09 | VN_MiLLeNcOlin · wall_segment Stone Wall x5 |
| 19:10 | VN_MiLLeNcOlin · wall_segment Stone Wall x5 |
| 19:16 | VN_MiLLeNcOlin · wall_segment Stone Wall x4 |
| 19:17 | VN_MiLLeNcOlin · wall_segment Stone Wall x6 |
| 19:22 | VN_MiLLeNcOlin · wall_segment Stone Wall x8 |
| 19:23 | VN_MiLLeNcOlin · wall_segment Stone Wall x4 |
| 19:24 | VN_MiLLeNcOlin · wall_segment Stone Wall x1 |
| 19:25 | VN_MiLLeNcOlin · wall_segment Stone Wall x4 |
| 19:27 | [R1] Duke PEÑAROL Thompson · wall_segment Stone Wall x18 |
| 19:43 | [R1] Pume · first_market_buy 100 food |
| 19:58 | [R1] 12Tirador · first_market_buy 100 wood |
| 20:09 | [R1] 12Tirador · age_up castle |
| 20:24 | Oni.TaToH · first_building Barracks |
| 20:50 | [R1] 12Tirador · first_market_sell 100 food |
| 20:55 | [R1] Duke PEÑAROL Thompson · wall_segment Palisade Wall x1 |
| 21:09 | Oni.TaToH · first_building Stable |
| 21:11 | [R1] Pume · wall_segment Palisade Wall x1 |
| 21:12 | [R1] Pume · wall_segment Stone Wall x1 |
| 21:35 | [R1] Pume · age_up castle |
| 21:48 | [R1] Duke PEÑAROL Thompson · age_up castle |
| 22:05 | VN_DarK_KnighT_ · first_building Monastery |
| 22:22 | Oni.TaToH · age_up castle |
| 22:29 | VN_MiLLeNcOlin · wall_segment Stone Wall x22 |
| 22:34 | VN_KoNFeR · first_building Monastery |
| 22:39 | VN_MiLLeNcOlin · wall_segment Stone Wall x28 |
| 22:50 | [R1] Duke PEÑAROL Thompson · first_building Siege Workshop |
| 23:08 | Milldeitus · tribute_sent a jugador 1 |
| 23:08 | Milldeitus · tribute_sent a jugador 2 |
| 23:08 | Milldeitus · tribute_sent a jugador 3 |
| 23:08 | Milldeitus · tribute_sent a jugador 4 |
| 23:08 | Milldeitus · tribute_sent a jugador 5 |
| 23:08 | Milldeitus · tribute_sent a jugador 6 |
| 23:08 | Milldeitus · tribute_sent a jugador 8 |
| 23:19 | VN_MiLLeNcOlin · wall_segment Stone Wall x1 |
| 23:38 | Milldeitus · wall_segment Palisade Wall x1 |
| 23:40 | Milldeitus · wall_segment Palisade Wall x1 |
| 23:47 | VN_KoNFeR · first_building Siege Workshop |
| 24:14 | VN_MiLLeNcOlin · wall_segment Stone Wall x12 |
| 24:33 | Oni.TaToH · first_building Monastery |
| 24:48 | [R1] 12Tirador · first_building Monastery |
| 25:07 | VN_MiLLeNcOlin · wall_segment Stone Wall x1 |
| 26:33 | VN_MiLLeNcOlin · first_market_sell 500 wood |
| 26:34 | VN_MiLLeNcOlin · first_market_buy 500 food |
| 26:50 | VN_MiLLeNcOlin · wall_segment Stone Wall x1 |
| 26:51 | VN_MiLLeNcOlin · wall_segment Palisade Wall x1 |
| 27:14 | [R1] Duke PEÑAROL Thompson · first_building Castle |
| 28:19 | Oni.TaToH · first_market_sell 500 wood |
| 28:24 | [R1] Pume · wall_segment Palisade Wall x2 |
| 28:25 | [R1] Pume · wall_segment Palisade Wall x1 |
| 28:26 | [R1] Pume · wall_segment Palisade Wall x1 |
| 28:26 | [R1] Pume · wall_segment Palisade Wall x2 |
| 28:26 | [R1] Pume · wall_segment Palisade Wall x2 |
| 28:26 | [R1] Pume · wall_segment Palisade Wall x1 |
| 28:27 | [R1] Pume · wall_segment Palisade Wall x1 |
| 28:27 | [R1] Pume · wall_segment Palisade Wall x1 |
| 28:57 | Milldeitus · tribute_sent a jugador 1 |
| 28:57 | Milldeitus · tribute_sent a jugador 2 |
| 28:57 | Milldeitus · tribute_sent a jugador 3 |
| 28:57 | Milldeitus · tribute_sent a jugador 4 |
| 28:57 | Milldeitus · tribute_sent a jugador 5 |
| 28:57 | Milldeitus · tribute_sent a jugador 6 |
| 28:57 | Milldeitus · tribute_sent a jugador 8 |
| 29:12 | [R1] Pume · wall_segment Stone Wall x1 |
| 29:52 | [R1] Pume · wall_segment Palisade Wall x1 |
| 30:05 | [R1] Duke PEÑAROL Thompson · wall_segment Stone Wall x1 |
| 30:06 | [R1] Duke PEÑAROL Thompson · wall_segment Stone Wall x1 |
| 30:08 | VN_DarK_KnighT_ · wall_segment Palisade Wall x8 |
| 30:24 | [R1] Pume · first_building Monastery |
| 30:33 | [R1] Duke PEÑAROL Thompson · wall_segment Stone Wall x11 |
| 30:36 | [R1] Duke PEÑAROL Thompson · wall_segment Stone Wall x1 |
| 30:41 | Milldeitus · first_building Castle |
| 31:12 | [R1] Duke PEÑAROL Thompson · wall_segment Stone Wall x1 |
| 31:21 | Milldeitus · age_up imperial |
| 31:28 | [R1] Duke PEÑAROL Thompson · wall_segment Stone Wall x18 |
| 31:28 | Oni.TaToH · first_building Castle |
| 31:42 | [R1] Pume · first_building Archery Range |
| 31:47 | Oni.TaToH · age_up imperial |
| 32:14 | [R1] Duke PEÑAROL Thompson · wall_segment Stone Wall x2 |
| 32:54 | VN_KoNFeR · first_building Castle |
| 33:07 | [R1] Pume · first_building Siege Workshop |
| 33:10 | [R1] Duke PEÑAROL Thompson · wall_segment Stone Wall x6 |
| 33:26 | VN_MiLLeNcOlin · age_up castle |
| 33:38 | [R1] Pume · age_up imperial |
| 33:57 | [R1] 12Tirador · first_building Siege Workshop |
| 34:24 | Milldeitus · first_building Siege Workshop |
| 35:32 | Milldeitus · wall_segment Stone Wall x19 |
| 35:36 | [R1] Pume · first_market_sell 100 food |
| 35:46 | [R1] Pume · first_building Castle |
| 36:00 | [R1] Duke PEÑAROL Thompson · wall_segment Stone Wall x1 |
| 36:03 | [R1] Duke PEÑAROL Thompson · wall_segment Stone Wall x5 |
| 36:19 | VN_KoNFeR · age_up imperial |
| 36:31 | [R1] 12Tirador · age_up imperial |
| 36:46 | [R1] Duke PEÑAROL Thompson · wall_segment Stone Wall x5 |
| 36:55 | [R1] Duke PEÑAROL Thompson · wall_segment Stone Wall x8 |
| 36:55 | [R1] Duke PEÑAROL Thompson · wall_segment Stone Wall x1 |
| 36:58 | [R1] Duke PEÑAROL Thompson · wall_segment Stone Wall x8 |
| 37:11 | [R1] Duke PEÑAROL Thompson · wall_segment Stone Wall x4 |
| 37:12 | [R1] Duke PEÑAROL Thompson · wall_segment Stone Wall x15 |
| 37:22 | [R1] Duke PEÑAROL Thompson · wall_segment Stone Wall x1 |
| 37:24 | [R1] 12Tirador · first_building Castle |
| 38:24 | [R1] 12Tirador · wall_segment Stone Wall x1 |
| 39:21 | Oni.TaToH · tribute_sent a jugador 1 |
| 39:21 | Oni.TaToH · tribute_sent a jugador 3 |
| 39:21 | Oni.TaToH · tribute_sent a jugador 4 |
| 39:21 | Oni.TaToH · tribute_sent a jugador 5 |
| 39:21 | Oni.TaToH · tribute_sent a jugador 6 |
| 39:21 | Oni.TaToH · tribute_sent a jugador 7 |
| 39:21 | Oni.TaToH · tribute_sent a jugador 8 |
| 40:09 | VN_MiLLeNcOlin · wall_segment Stone Wall x2 |
| 40:30 | [R1] Duke PEÑAROL Thompson · wall_segment Stone Wall x1 |
| 40:44 | [R1] Duke PEÑAROL Thompson · wall_segment Stone Wall x11 |
| 40:52 | [R1] Duke PEÑAROL Thompson · wall_segment Stone Wall x5 |
| 40:53 | [R1] Duke PEÑAROL Thompson · wall_segment Stone Wall x5 |
| 40:56 | [R1] Duke PEÑAROL Thompson · wall_segment Stone Wall x5 |
| 40:58 | [R1] Duke PEÑAROL Thompson · wall_segment Stone Wall x5 |
| 41:07 | [R1] Duke PEÑAROL Thompson · wall_segment Stone Wall x3 |
| 42:30 | [R1] Pume · tribute_sent a jugador 1 |
| 42:30 | [R1] Pume · tribute_sent a jugador 2 |
| 42:30 | [R1] Pume · tribute_sent a jugador 3 |
| 42:30 | [R1] Pume · tribute_sent a jugador 4 |
| 42:30 | [R1] Pume · tribute_sent a jugador 5 |
| 42:30 | [R1] Pume · tribute_sent a jugador 6 |
| 42:30 | [R1] Pume · tribute_sent a jugador 7 |
| 42:30 | VN_DarK_KnighT_ · first_market_sell 500 food |
| 42:36 | [R1] Pume · tribute_sent a jugador 1 |
| 42:36 | [R1] Pume · tribute_sent a jugador 2 |
| 42:36 | [R1] Pume · tribute_sent a jugador 3 |
| 42:36 | [R1] Pume · tribute_sent a jugador 4 |
| 42:36 | [R1] Pume · tribute_sent a jugador 5 |
| 42:36 | [R1] Pume · tribute_sent a jugador 6 |
| 42:36 | [R1] Pume · tribute_sent a jugador 7 |
| 42:37 | Oni.TaToH · tribute_sent a jugador 1 |
| 42:37 | Oni.TaToH · tribute_sent a jugador 3 |
| 42:37 | Oni.TaToH · tribute_sent a jugador 4 |
| 42:37 | Oni.TaToH · tribute_sent a jugador 5 |
| 42:37 | Oni.TaToH · tribute_sent a jugador 6 |
| 42:37 | Oni.TaToH · tribute_sent a jugador 7 |
| 42:37 | Oni.TaToH · tribute_sent a jugador 8 |
| 42:42 | Oni.TaToH · tribute_sent a jugador 1 |
| 42:42 | Oni.TaToH · tribute_sent a jugador 3 |
| 42:42 | Oni.TaToH · tribute_sent a jugador 4 |
| 42:42 | Oni.TaToH · tribute_sent a jugador 5 |
| 42:42 | Oni.TaToH · tribute_sent a jugador 6 |
| 42:42 | Oni.TaToH · tribute_sent a jugador 7 |
| 42:42 | Oni.TaToH · tribute_sent a jugador 8 |
| 42:55 | VN_DarK_KnighT_ · resign |
| 43:12 | [R1] Pume · tribute_sent a jugador 1 |
| 43:12 | [R1] Pume · tribute_sent a jugador 2 |
| 43:12 | [R1] Pume · tribute_sent a jugador 3 |
| 43:12 | [R1] Pume · tribute_sent a jugador 4 |
| 43:12 | [R1] Pume · tribute_sent a jugador 5 |
| 43:12 | [R1] Pume · tribute_sent a jugador 6 |
| 43:12 | [R1] Pume · tribute_sent a jugador 7 |
[ AI ANALYSIS · 1 CREDIT ]
What really happened in this match?
Wolo.gg analyzes every decision: build order, eco, micro, common mistakes by bracket. Personalized analysis on WhatsApp or Discord in 30 seconds.
Civ guide
Britons
Perfil
Jugador #2382926